 Dungeon Crawl Stone Soup version 0.28.0 (webtiles) character file.

Game seed: 17185989053061747561

106 Akaron the Sneak (level 4, 0/27 HPs)
             Began as an Octopode Enchanter on Feb 13, 2022.
             Slain by an adder (5 damage)
             ... on level 3 of the Dungeon.
             The game lasted 00:03:05 (2412 turns).

Akaron the Sneak (Octopode Enchanter)               Turns: 2412, Time: 00:03:06

Health: 0/27       AC:  1    Str:  7    XL:     4   Next: 84%
Magic:  2/7        EV: 13    Int: 17    God:
Gold:   74         SH:  0    Dex: 14    Spells: 5/7 levels left

rFire   . . .      SeeInvis .   a - +1 dagger
rCold   . . .      Faith    .   (no shield)
rNeg    . . .      Spirit   .   (helmet restricted)
rPois   .          Reflect  .   (no amulet)
rElec   .          Harm     .   (no ring)
rCorr   .          Rampage  .   (no ring)
Will    .....                   (no ring)
Stlth   ++++......              (no ring)
HPRegen 0.09/turn               (no ring)
MPRegen 0.10/turn               (no ring)
                                (no ring)
                                (no ring)

@: lethally poisoned (0 -> -1), very slightly contaminated
A: almost no armour, amphibious, 8 rings, camouflage 1, gelatinous body 1,
(nimble swimmer 1), tentacles
a: no special abilities


You were on level 3 of the Dungeon.
You visited 1 branch of the dungeon, and saw 4 of its levels.

You collected 74 gold pieces.

Inventory:

Hand Weapons
 a - a +1 dagger (weapon)
Scrolls
 c - 3 scrolls of amnesia {unknown}
 d - 3 scrolls of immolation {unknown}
 g - 2 scrolls of identify {unknown}
Potions
 b - a potion of invisibility
 e - 2 potions of lignification {unknown}
 f - a potion of flight {unknown}
 h - 2 potions of curing {unknown}


   Skills:
 + Level 0.8 Fighting
 + Level 1.4 Short Blades
 + Level 2.2 Dodging
 + Level 5.9 Stealth
 + Level 2.2 Spellcasting
 + Level 3.5 Hexes
 + Level 0.4 Ice Magic


You had 5 spell levels left.
You knew the following spells:

 Your Spells              Type           Power      Damage    Failure   Level
a - Ensorcelled Hibernat  Hex/Ice        16%        N/A       12%         2

Your spell library contained the following spells:

 Spells                   Type           Power      Damage    Failure   Level
 Slow                     Hex            56%        N/A       4%          1
 Confusing Touch          Hex            14%        N/A       13%         3
 Tukima's Dance           Hex            14%        N/A       13%         3
 Dazzling Flash           Conj/Hex       16%        N/A       26%         3
 Vampiric Draining        Necr           1%         2d6       50%         3


Dungeon Overview and Level Annotations

Branches:
Dungeon (4/15)
 Temple: D:4-7

Altars:
Okawaru


Innate Abilities, Weirdness & Mutations

You cannot wear most types of armour.
You are amphibious.
You can wear up to eight rings at the same time.
Your skin changes colour to match your surroundings (Stealth+).
Your rubbery body absorbs attacks. (AC +1, EV +1)
((You are camouflaged when in or above water. (Stealth+)))
You have tentacles for arms and can constrict up to eight enemies at once.


Message History

Things that are here:
a +0 club; a +0 club
Found 23 sling bullets.
Items here: ))) [[ ÷÷÷.
Things that are here:
a +0 club; a +0 club
Items here: ( )) ÷.
c - 3 scrolls labelled XAEFEJ MECO (gained 2)
Found a ring mail.
You now have 74 gold pieces (gained 10).
An adder comes into view.
An adder is nearby!
Found a fuming green potion.
The adder hisses angrily.
The adder bites you.
You are poisoned.
The adder poisons you!
The adder resists with some effort.
You feel sick. The adder barely misses you.
You closely miss the adder. Your grab misses the adder.
Your squeeze misses the adder.
You feel sick. The adder closely misses you.
The adder resists with some effort.
You feel sick. The adder bites you. x2
You miscast Ensorcelled Hibernation.
You are very lightly contaminated with residual magic.
Nothing appears to happen.
You feel sick. The adder barely misses you.
You are too injured to fight recklessly!
You barely miss the adder. Your grab misses the adder.
You tentacle-slap the adder.
The adder is lightly wounded.
You feel sick. The adder bites you.
You are more poisoned.
The adder poisons you!
You closely miss the adder. Your grab misses the adder.
The adder is lightly wounded.
You feel sick. The adder closely misses you.
You feel sick. The adder closely misses you.
You feel sick.
You see here a +0 ring mail.
You feel sick.
You feel sick. The adder bites you.
You die...

########### #.# #
#.!.......# #.# #
#.........# #######.###
..........+ ...........
#.........# #######.###
#.........# #.# #
#.........# #.# #
#.........##############.#
#
####.....[S@.............#
# #.##.##################
# #. #.# # # #.# # #.# #.#
#. #


You could see an adder.

Vanquished Creatures
  An iguana (D:2)
  Robin (D:3)
  2 adders (D:2)
  A worm (D:2)
  A dart slug (D:2)
  4 ball pythons
  4 endoplasms
  3 hobgoblins (D:2)
  3 jackals (D:2)
  7 kobolds
  A quokka (D:1)
  3 bats
  2 frilled lizards
  11 goblins
  A rat (D:2)
45 creatures vanquished.

Notes
Turn   | Place    | Note
-------+----------+-------------------------------------------
     0 | D:1      | Akaron the Octopode Enchanter began the quest for the Orb.
     0 | D:1      | Reached XP level 1. HP: 11/11 MP: 3/3
   203 | D:1      | Reached XP level 2. HP: 17/17 MP: 5/5
   298 | D:1      | Learned a level 2 spell: Ensorcelled Hibernation
  1345 | D:2      | Reached XP level 3. HP: 21/21 MP: 3/6
  1347 | D:2      | Reached skill level 5 in Stealth
  1454 | D:2      | Found an iron altar of Okawaru.
  1747 | D:2      | Reached XP level 4. HP: 27/27 MP: 7/7
  1968 | D:2      | Found a faded altar of an unknown god.
  2117 | D:3      | Noticed Robin
  2123 | D:3      | Killed Robin
  2412 | D:3      | Slain by an adder

Illustrated notes

Levels and vault maps discovered:
D:1:      amcnicky_arrival_wind_blow, layout_basic, supply_closet_lemuel
D:2:      layout_loops_cross, hellmonk_ecumenical_altar_arch_garden,
          basic_altar, minivault_19
D:3:      layout_basic, corexii_corridor_pit, uniq_robin
D:4:      layout_basic, minmay_temple_entry_grid, hangedman_decor_lopped,
          hex_medium, uniq_duvessa

Skill      XL: |  1  2  3 |
---------------+----------+-----
Stealth        | 5 |  5.9
Fighting       | |  0.8
Short Blades   | |  1.4
Dodging        | |  2.2
Spellcasting   | |  2.2
Hexes          | |  3.5
Ice Magic      | |  0.4

Action                   |  1- 3 |  4- 6 || total
-------------------------+-------+-------++-------
Melee: Dagger            |    52 |    24 ||    76
       Constrict         |     7 |     7 ||    14
       Tentacles         |     5 |     7 ||    12
       Punch             |       |     1 ||     1
 Cast: Ensorcelled Hiber |     7 |     4 ||    11
 Stab: Sleeping          |    20 |     3 ||    23
Armor: Skin              |     1 |     1 ||     2
Dodge: Dodged            |    32 |    14 ||    46
